 Dungeon Crawl Stone Soup version 0.16.0-8-gd9ae3a8 (console) character file.

466 gw the Chiller (level 7, 0/40 HPs)
             Began as a Tengu Ice Elementalist on Mar 17, 2015.
             Was a Believer of Qazlal.
             Slain by an orc
             ... wielding a +0 club
              (5 damage)
             ... on level 6 of the Dungeon.
             The game lasted 00:05:44 (8069 turns).

gw the Chiller (Tengu Ice Elementalist)             Turns: 8069, Time: 00:05:44

Health: 0/40       AC:  5    Str: 12    XL:     7   Next: 8%
Magic:  7/17       EV: 11    Int: 18    God:    Qazlal [**....]
Gold:   262        SH:  2    Dex: 14    Spells: 4 memorised, 3 levels left

rFire  . . .     SeeInvis .     b - +1 whip (flame)
rCold  . . .     Clarity  +     e - +0 ring mail
rNeg   + . .     SustAb   .     (no shield)
rPois  .         Gourm    .     (helmet restricted)
rElec  .         Spirit   .     (no cloak)
rCorr  .         Warding  .     (no gloves)
rMut   .         Stasis   .     (boots unavailable)
MR     .....                    k - amulet of clarity
Stlth  +.........               w - ring of positive energy
                                o - +4 ring of strength

@: very slightly contaminated, hasted, very quick, not resistant to hostile
enchantments, very unstealthy
A: able to fly, beak, talons 3
a: Fly, Upheaval, Renounce Religion


You were on level 6 of the Dungeon.
You worshipped Qazlal.
Qazlal was pleased with you.
You were hungry.

You visited 1 branch of the dungeon, and saw 6 of its levels.

You collected 262 gold pieces.

Inventory:

Hand weapons
 b - a +1 whip of flaming (weapon)
Missiles
 a - 8 tomahawks
 d - 189 stones
 j - 32 poisoned needles
 q - 5 javelins of penetration (quivered)
Armour
 e - a +0 ring mail (worn)
Jewellery
 k - an amulet of clarity (around neck)
 o - a +4 ring of strength (left hand)
 w - a ring of positive energy (right hand)
Scrolls
 i - 3 scrolls of remove curse
 n - 4 scrolls of identify
Potions
 g - a potion of haste
 m - a potion of curing
Books
 f - a book of Frost

   Spells                             Type                      Level
   a - Freeze                         Ice                          1
   b - Throw Frost                    Conjuration/Ice              2
   c - Ozocubu's Armour               Charms/Ice                   3
   d - Throw Icicle                   Conjuration/Ice              4
   e - Summon Ice Beast               Ice/Summoning                4
   f - Condensation Shield            Ice                          4
 p - a book of Clouds

   Spells                             Type                      Level
   a - Mephitic Cloud                 Conjuration/Poison/Air       3
   b - Conjure Flame                  Conjuration/Fire             3
   c - Poisonous Cloud                Conjuration/Poison/Air       6
   d - Freezing Cloud                 Conjuration/Ice/Air          6
   e - Ring of Flames                 Charms/Fire                  7
Comestibles
 c - 8 bread rations
 h - a beef jerky
 l - 2 meat rations
 r - a slice of pizza


   Skills:
 + Level 2.1 Fighting
 + Level 2.9 Maces & Flails
 + Level 3.3 Dodging
 - Level 2.0 Stealth
 + Level 3.7 Spellcasting
 - Level 1.3 Conjurations
 + Level 3.7 Ice Magic
 * Level 2.4 Invocations


You had 3 spell levels left.
You knew the following spells:

 Your Spells              Type           Power        Failure   Level  Hunger
a - Freeze                Ice            ###.         10%         1    None
b - Throw Frost           Conj/Ice       ##....       17%         2    ##.....
c - Ozocubu's Armour      Chrm/Ice       ##......     56%         3    ###....
d - Throw Icicle          Conj/Ice       ##......     93%         4    ####...


Dungeon Overview and Level Annotations

Branches:
Dungeon (6/15)             Temple (0/1) D:4

Altars:
Qazlal
Yredelemnul

Shops:
D:5 [


Innate Abilities, Weirdness & Mutations

You can fly.
You have a beak for a mouth.
You have claws for feet.


Message History

Aiming: Throw Frost
Press: ? - help, Shift-Dir - straight line, f/p - orc priest
Aim: an orc priest, wielding a dagger (heavily wounded)
The puff of frost hits the orc priest.
The orc priest is almost dead.
The orc priest invokes the aid of Beogh against you.
Something smites you!
Unknown command.
Unknown command.
Unknown command.
Unknown command.
Casting: Throw Frost
Confirm with . or Enter, or press ? or * to list all spells.
Aiming: Freeze
Press: ? - help, Shift-Dir - straight line, f - orc, p - orc priest
Aim: an orc, wielding a club and wearing a chain mail You freeze the orc.
The orc is severely wounded.
The orc hits you with a club.
You die... ... ......... +.........+ ......... o...... ..... .oo

#o# #Q# ###.######
#........#
#....###.#
#.....##.#
#....###%##.#
##.##.#.#.......#
...........##.####
##.##.#%####.#


You could see an orc priest, an orc wizard and 2 orcs.

Table legend:
 A = Turns spent in this place as a percentage of turns spent in the entire game.
 B = Non-inter-level travel turns spent in this place as a percentage of non-inter-level travel turns spent in the entire game.
 C = Inter-level travel turns spent in this place as a percentage of turns spent in this place.
 D = Turns resting spent in this place as a percentage of non-inter-level travel turns spent in this place.
 E = Turns spent auto-exploring this place as a percentage of non-inter-level travel turns spent in this place.
 F = Non-inter-level travel turns spent in this place divided by the number of levels of this place that you've seen.
                   A       B       C       D       E      F
               +-------+-------+-------+-------+-------+----------------------
         Total | 100.0 | 100.0 |   0.7 |   3.3 |   2.4 | 1423.0
       Dungeon | 100.0 | 100.0 |   0.7 |   3.3 |   2.4 | 1423.0
               +-------+-------+-------+-------+-------+----------------------

Table legend:
 A = Kills in this place as a percentage of kills in entire the game.
 B = Kills by you in this place as a percentage of kills by you in the entire game.
 C = Kills by friends in this place as a percentage of kills by friends in the entire game.
 D = Other kills in this place as a percentage of other kills in the entire game.
 E = Experience gained in this place as a percentage of experience gained in the entire game.
 F = Experience gained in this place divided by the number of levels of this place that you have seen.
                   A       B       C       D       E      F
               +-------+-------+-------+-------+-------+----------------------
         Total | 100.0 | 100.0 |  -nan |  -nan | 100.0 | 111.2
       Dungeon | 100.0 | 100.0 |  -nan |  -nan | 100.0 | 111.2
               +-------+-------+-------+-------+-------+----------------------

Vanquished Creatures
  A phantom (D:4)
  A crimson imp (D:3)
  An orc priest (D:4)
  A giant frog skeleton (D:4)
  Natasha (thrice) (D:3)
  2 worker ants (D:4)
  3 gnolls (D:2)
  8 adders
  A giant mite (D:2)
  A worm (D:3)
  An adder zombie (D:5)
  An adder skeleton (D:4)
  3 giant geckos
  4 oozes
  5 orcs
  4 ball pythons
  9 bats
  6 giant cockroaches
  2 gnoll zombies (D:3)
  11 goblins
  14 hobgoblins
  7 jackals
  6 giant newts
  15 kobolds
  2 quokkas
  13 rats
125 creatures vanquished.

Notes
Turn   | Place    | Note
--------------------------------------------------------------
     0 | D:1      | gw, the Tengu Ice Elementalist, began the quest for the Orb.
     0 | D:1      | Reached XP level 1. HP: 10/10 MP: 3/3
     2 | D:1      | Noticed a draconian
     4 | D:1      | Noticed a vine stalker
     4 | D:1      | Noticed a naga
     6 | D:1      | Noticed a spriggan
     6 | D:1      | Noticed an octopode
     8 | D:1      | Noticed a demonspawn
     8 | D:1      | Noticed a formicid
    10 | D:1      | Noticed a centaur
    10 | D:1      | Noticed a tengu
    12 | D:1      | Noticed a minotaur
    12 | D:1      | Noticed an ogre
    14 | D:1      | Noticed a human
    16 | D:1      | Noticed a gargoyle
    18 | D:1      | Noticed a ghoul
    20 | D:1      | Noticed a troll
    22 | D:1      | Noticed a dwarf
    22 | D:1      | Noticed a vampire
    24 | D:1      | Noticed an elf
    24 | D:1      | Noticed a felid
    26 | D:1      | Noticed a demigod
    26 | D:1      | Noticed a merfolk
   462 | D:1      | Reached XP level 2. HP: 13/16 MP: 0/5
   520 | D:1      | Learned a level 2 spell: Throw Frost
   861 | D:1      | Reached skill level 3 in Ice Magic
  1244 | D:1      | Reached XP level 3. HP: 20/20 MP: 4/7
  1278 | D:1      | Learned a level 3 spell: Ozocubu's Armour
  1717 | D:1      | Reached skill level 1 in Fighting
  2233 | D:2      | Found a stormy altar of Qazlal.
  2249 | D:2      | Reached XP level 4. HP: 25/25 MP: 0/9
  2339 | D:2      | Became a worshipper of Qazlal Stormbringer
  2812 | D:2      | Reached skill level 1 in Maces & Flails
  3639 | D:3      | Reached XP level 5. HP: 29/29 MP: 10/13
  3667 | D:3      | Learned a level 4 spell: Throw Icicle
  4180 | D:3      | Reached skill level 1 in Invocations
  4395 | D:3      | Acquired Qazlal's first power
  4591 | D:3      | Noticed Natasha
  4599 | D:3      | Killed Natasha
  4887 | D:3      | Noticed Natasha
  4891 | D:3      | Killed Natasha
  5227 | D:3      | Found a basalt altar of Yredelemnul.
  5414 | D:3      | Noticed Natasha
  5415 | D:3      | Killed Natasha
  5482 | D:3      | Learned a level 2 spell: Throw Frost
  5524 | D:4      | Reached XP level 6. HP: 31/35 MP: 0/15
  6269 | D:4      | Found a staircase to the Ecumenical Temple.
  6315 | D:4      | Reached XP level 7. HP: 25/40 MP: 0/17
  6854 | D:4      | Acquired Qazlal's second power
  6911 | D:5      | Entered Level 5 of the Dungeon
  7181 | D:5      | Found Hiavio's Antique Armour Shop.
  8069 | D:6      | Slain by an orc

Action                   |  1- 3 |  4- 6 |  7- 9 || total
-------------------------+-------+-------+-------++-------
Melee: Club              |    13 |     8 |       ||    21
       Whip              |       |    39 |     1 ||    40
Throw: Stone             |    47 |     2 |       ||    49
       Javelin           |       |    23 |     3 ||    26
       Tomahawk          |       |     1 |       ||     1
 Cast: Freeze            |    23 |    64 |    27 ||   114
       Throw Frost       |    35 |    85 |    20 ||   140
       Throw Icicle      |       |     1 |       ||     1
  Use: Potion            |     3 |     3 |     3 ||     9
       Scroll            |     1 |     7 |     2 ||    10
  Eat: Chunk             |     7 |    13 |     6 ||    26
       Bread ration      |       |     1 |       ||     1

Vault maps used:
D:1:      kb_arrival_jail
D:2:      first_bread, grunt_qazlal_sundering
D:3:      lemuel_zombie_altar_yredelemnul, uniq_natasha
D:4:      temple_pool_b, minmay_crystal_room
D:5:      serial_shops, nicolae_shop_stone
